 Dungeon Crawl Stone Soup version 0.30-a0-845-g7c6808c8ce (webtiles) character file.

Game seed: 3191332234346356664

3395 112233 the Thaumaturge (level 10, -10/50 HPs)
             Began as a Kobold Conjurer on Mar 2, 2023.
             Was an Initiate of Gozag.
             Killed from afar by an acid dragon (23 damage)
             ... with a splash of acid
             ... on level 8 of the Dungeon.
             The game lasted 00:10:05 (9110 turns).

112233 the Thaumaturge (Kobold Conjurer)            Turns: 9110, Time: 00:10:06

Health: -10/50     AC:  4    Str:  5    XL:     10   Next: 24%
Magic:  18/27      EV: 14    Int: 23    God:    Gozag
Gold:   364        SH:  0    Dex: 14    Spells: 22/36 levels left

rFire   . . .      SeeInvis .    u - +1 sling (freeze)
rCold   . . .      Faith    .    (no shield)
rNeg    . . .      Spirit   .    a - +0 robe
rPois   +          Reflect  .    z - +0 helmet of Gekholon {Rampage Regen+}
rElec   .          Rampage  +    (no cloak)
rCorr   .                        (no gloves)
Will    .....                    j - +0 pair of boots
Stlth   +++                      E - amulet of magic regeneration
HPRegen 1.08/turn                t - ring of poison resistance
MPRegen 0.60/turn                y - ring of wizardry

@: very slightly contaminated
A: small, no large weapons, nightstalker 3
a: Renounce Religion, Potion Petition, Call Merchant, Bribe Branch


You were on level 8 of the Dungeon.
You worshipped Gozag.
Gozag was aware of your devotion.
You visited 1 branch of the dungeon, and saw 8 of its levels.

You collected 1106 gold pieces.
You spent 330 gold pieces at shops.
You paid 412 gold pieces to Gozag.

Inventory:

Hand Weapons
 u - a +1 sling of freezing (weapon)
Armour
 a - a +0 robe (worn)
 d - a +0 buckler
 j - a +0 pair of boots (worn)
 z - the +0 helmet of Gekholon (worn) {Rampage Regen+}
   (You took it off Robin on level 4 of the Dungeon)

   Regen:     It increases your rate of health regeneration.
   Rampage:   It bestows one free step when moving towards enemies.
Jewellery
 s - a +4 ring of slaying
 t - a ring of poison resistance (left hand)
 y - a ring of wizardry (right hand)
 A - a ring of protection from cold
 C - an amulet of guardian spirit
 E - an amulet of magic regeneration (around neck)
 I - a ring of resist corrosion
Wands
 m - a wand of light (2)
 r - a wand of digging (5)
 v - a wand of charming (3)
 J - a wand of flame (12)
Scrolls
 f - 3 scrolls of vulnerability {unknown}
 h - 3 scrolls of enchant weapon {unknown}
 i - a scroll of acquirement {unknown}
 l - 6 scrolls of identify {unknown}
 n - 2 scrolls of enchant armour {unknown}
 o - 4 scrolls of fog {unknown}
 p - 2 scrolls of magic mapping {unknown}
 q - a scroll of fear {unknown}
 F - a scroll of teleportation {unknown}
Potions
 b - 3 potions of magic
 c - 4 potions of heal wounds {unknown}
 e - 2 potions of resistance {unknown}
 g - a potion of cancellation {unknown}
 k - 6 potions of curing {unknown}
 w - a potion of might {unknown}
 x - 3 potions of attraction {unknown}
 B - a potion of ambrosia {unknown}
 D - a potion of brilliance {unknown}
 G - a potion of flight {unknown}
 H - a potion of mutation {unknown}
 K - a potion of lignification {unknown}
 L - a potion of berserk rage {unknown}


   Skills:
 - Level 2.4 Dodging
 - Level 2.6 Stealth
 + Level 13.9 Spellcasting
 - Level 4.0 Conjurations


You had 22 spell levels left.
You knew the following spells:

 Your Spells              Type           Power      Damage    Failure   Level
a - Magic Dart            Conj           100%       1d8       1%          1
b - Searing Ray           Conj           68%        2d6       1%          2
c - Iskenderun's Mystic   Conj/Tloc      25%        2d7       7%          4
d - Dazzling Flash        Conj/Hex       50%        N/A       1%          3
e - Fulminant Prism       Conj/Hex       12%        3d9       7%          4

Your spell library contained the following spells:

 Spells                   Type           Power      Damage    Failure   Level


Dungeon Overview and Level Annotations

Branches:
Dungeon (8/15)             Temple (0/1) D:6
   Lair: D:8-11

Altars:
Ashenzari
Elyvilon
Gozag
Hepliaklqana
Okawaru
Trog
Uskayaw
Zin

Shops:
D:5 =


Innate Abilities, Weirdness & Mutations

You are small and have problems with some larger weapons.
You are completely attuned to the shadows.


Message History

Found a stone staircase leading up.
Done exploring.
Done exploring.
Done exploring.
(D) Dungeon (T) Temple
Where to? (Enter - D:7, ? - help)
There is a stone staircase leading down here.
You climb downwards.
There is a stone staircase leading up here.
An acid dragon is nearby!
Unknown command.
An acid dragon is nearby!
Casting: Searing Ray (safe; 1% risk of failure)
Confirm with . or Enter, or press ? or * to list all spells.
You erupt in a blast of force!
The mystic blast hits the acid dragon!
The acid dragon is moderately wounded.
The acid dragon roars!
The acid dragon is knocked back by the mystic blast.
The acid dragon slams into the rock wall!
The acid dragon is moderately wounded.
The acid dragon spits acid at you. The splash of acid hits you!!!
Ouch! That really hurt!
* * * LOW HITPOINT WARNING * * *
Unknown command.
Casting: Iskenderun's Mystic Blast (dangerous; 7% risk of failure)
Confirm with . or Enter, or press ? or * to list all spells.
You erupt in a blast of force!
The mystic blast hits the acid dragon!
The acid dragon is severely wounded.
The acid dragon is knocked back by the mystic blast.
The acid dragon slams into the rock wall!
Casting: Iskenderun's Mystic Blast (dangerous; 7% risk of failure)
Confirm with . or Enter, or press ? or * to list all spells.
You miscast Iskenderun's Mystic Blast.
You are very lightly contaminated with residual magic.
Nothing appears to happen.
The acid dragon spits acid at you. The splash of acid hits you!!
You die...
Your body crumbles into a pile of gold.

###. $
###....
##......
#.D@....
#........
##.......
##......
#...... $


You could see an acid dragon (catching breath).

Vanquished Creatures
  Grinder (D:4)
  Prince Ribbit (D:6)
  2 steam dragons
  Menkaure (D:4)
  Duvessa (D:4)
  3 water moccasins
  A black bear (D:5)
  2 ice beasts
  2 ogres (D:5)
  3 phantoms
  A kobold brigand (D:7)
  A bullfrog (D:6)
  A gnoll sergeant (D:7)
  3 scorpions
  3 wights (D:7)
  Dowan (D:4)
  4 howler monkeys
  4 jellies
  A lava snake (D:7)
  2 orc priests
  A gnoll bouda (D:7)
  A hound (D:7)
  Jessica (D:2)
  Ijyb (D:4)
  An iguana (D:4)
  4 orc wizards
  Robin (D:4)
  11 gnolls
  8 adders
  A shadow imp (D:7)
  3 white imps
  2 ufetubi
  2 worms (D:3)
  6 dart slugs
  17 orcs
  5 ball pythons
  4 endoplasms
  3 giant cockroaches (D:1)
  14 goblins
  9 hobgoblins
  7 jackals
  15 kobolds
  3 quokkas
  A bat (D:2)
  3 frilled lizards
162 creatures vanquished.

Notes
Turn   | Place    | Note
-------+----------+-------------------------------------------
     0 | D:1      | 112233 the Kobold Conjurer began the quest for the Orb.
     0 | D:1      | Reached XP level 1. HP: 10/10 MP: 3/3
   195 | D:1      | Reached XP level 2. HP: 10/15 MP: 0/5
   204 | D:1      | Learned a level 2 spell: Searing Ray
   250 | D:1      | Reached skill level 3 in Spellcasting
   659 | D:1      | Reached XP level 3. HP: 13/19 MP: 2/7
  1483 | D:2      | Reached skill level 4 in Spellcasting
  1546 | D:2      | Reached XP level 4. HP: 24/24 MP: 3/10
  1613 | D:2      | Noticed Jessica
  1615 | D:2      | Killed Jessica
  2164 | D:2      | Found a faded altar of an unknown god.
  2183 | D:2      | Reached XP level 5. HP: 28/28 MP: 9/12
  2324 | D:3      | Reached skill level 5 in Spellcasting
  2710 | D:3      | Found an opulent altar of Gozag.
  2786 | D:3      | Became a worshipper of Gozag Ym Sagoz the Greedy
  3285 | D:4      | Noticed Dowan
  3411 | D:4      | Found a white marble altar of Elyvilon.
  3473 | D:4      | Noticed Grinder
  3503 | D:3      | Learned a level 3 spell: Dazzling Flash
  3747 | D:4      | Reached XP level 6. HP: 32/32 MP: 9/14
  3795 | D:4      | Reached skill level 6 in Spellcasting
  4109 | D:4      | Noticed Duvessa
  4115 | D:4      | Noticed Ijyb
  4118 | D:4      | Killed Duvessa
  4121 | D:4      | Killed Ijyb
  4122 | D:4      | Reached skill level 7 in Spellcasting
  4122 | D:4      | Killed Dowan
  4123 | D:4      | Reached XP level 7. HP: 31/36 MP: 2/17
  4338 | D:4      | Identified the +0 helmet of Gekholon {Rampage Regen+}
  4338 | D:4      | Noticed Robin
  4345 | D:4      | Killed Robin
  4548 | D:4      | Noticed Menkaure
  4554 | D:4      | Killed Menkaure
  4555 | D:4      | Reached skill level 8 in Spellcasting
  4687 | D:4      | Killed Grinder
  4688 | D:4      | Reached XP level 8. HP: 23/41 MP: 1/20
  5208 | D:4      | Reached skill level 9 in Spellcasting
  5489 | D:5      | Entered Level 5 of the Dungeon
  5579 | D:5      | Found a bloodstained altar of Trog.
  6094 | D:5      | Reached skill level 10 in Spellcasting
  6276 | D:5      | Reached XP level 9. HP: 33/45 MP: 12/23
  6393 | D:5      | Found a broken altar of Ashenzari.
  6675 | D:5      | Found Osowi's Jewellery Shop.
  6680 | D:5      | Bought an amulet of magic regeneration for 330 gold pieces
  6789 | D:5      | Found a hazy altar of Hepliaklqana.
  6957 | D:6      | Reached skill level 11 in Spellcasting
  7188 | D:6      | Found an iron altar of Okawaru.
  7218 | D:6      | Found a glowing silver altar of Zin.
  7568 | D:6      | Noticed Prince Ribbit
  7581 | D:6      | Killed Prince Ribbit
  7582 | D:6      | Reached skill level 12 in Spellcasting
  7587 | D:6      | Learned a level 4 spell: Iskenderun's Mystic Blast
  7592 | D:6      | Learned a level 4 spell: Fulminant Prism
  7613 | D:6      | Found a staircase to the Ecumenical Temple.
  8279 | D:7      | Identified the +2 ring mail of Feasting {rCorr Str+2}
  8504 | D:7      | Reached skill level 13 in Spellcasting
  8510 | D:7      | Reached XP level 10. HP: 40/50 MP: 10/27
  8845 | D:7      | Found a hide-covered altar of Uskayaw.
  9110 | D:8      | Killed from afar by an acid dragon

Illustrated notes

Levels and vault maps discovered:
D:1:      minmay_arrival_shattered_statue, layout_loops_ring, grunt_decor_cap
D:2:      layout_basic, shapermc_ecumenical_altar_starsandcircs, uniq_jessica
D:3:      layout_loops_ring, grunt_gozag_statues
D:4:      layout_basic, general_overflow_altar, nicolae_goblin_pals,
          uniq_grinder, uniq_menkaure, uniq_duvessa
D:5:      layout_loops_corners, mainiacjoe_overflow_boulevard,
          nicolae_hepliaklqana_hippocampus, ashenzari_altar_1, serial_shops,
          nicolae_shop_advertising_works [nicolae_subvault_shop_adworks]
D:6:      layout_loops_ring, mainiacjoe_overflow_two_lobes,
          minmay_temple_entry_enclosed_plants, mrwooster_statue_mirror,
          uniq_prince_ribbit1
D:7:      layout_rooms, nicolae_uskayaw_suspiria, minivault_27, st_stairs_10
D:8:      layout_cave_pods, lemuel_blue_sif_altar, cheibriados_altar_1,
          mainiacjoe_overflow_cross_hatched,
          mainiacjoe_overflow_surrounded_room, lair_entry_dummy,
          hellmonk_ghost_happy_afterlife, uniq_pikel

Skill      XL: |  1  2  3  4  5  6  7  8  9 |
---------------+----------------------------+-----
Spellcasting   | 3 4 5 7 8 10 13 | 13.9
Dodging        | |  2.4
Stealth        | |  2.6
Conjurations   | |  4.0

Action                     |  1- 3 |  4- 6 |  7- 9 | 10-12 || total
---------------------------+-------+-------+-------+-------++-------
   Fire: Sling             |       |     1 |    10 |       ||    11
   Cast: Magic Dart        |    63 |    58 |    10 |       ||   131
         Searing Ray       |     1 |    19 |    93 |    16 ||   129
         Iskenderun's Myst |       |       |    11 |     9 ||    20
 Invoke: Potion Petition   |       |       |     1 |       ||     1
  Evoke: Wand              |       |     2 |     3 |     1 ||     6
    Use: Potion            |     1 |       |       |       ||     1
 Armour: Robe              |       |     2 |     8 |     4 ||    14
  Dodge: Dodged            |     7 |    12 |    53 |    22 ||    94

Table legend: (Time is in decaauts)
 A = Elapsed time spent in this place.
 B = Non-inter-level travel time spent in this place.
 C = Inter-level travel time spent in this place.
 D = Time resting spent in this place.
 E = Time spent auto-exploring this place.
 F = Levels seen in this place.
 G = Mean time per level.
                   A        B        C        D        E       F      G
               +--------+--------+--------+--------+--------+-----+--------+
         Total |   9115 |   8750 |    365 |    620 |   7276 |   8 | 1139.4 |
       Dungeon |   9115 |   8750 |    365 |    620 |   7276 |   8 | 1139.4 |
               +--------+--------+--------+--------+--------+-----+--------+

Top non-repeatable levels by time:
     D:4: 1875 daAuts
     D:5: 1440 daAuts
     D:1: 1306 daAuts
     D:3: 1299 daAuts
     D:6: 1272 daAuts
     D:2: 1009 daAuts
     D:7: 905 daAuts
     D:8: 4 daAuts
